 Dungeon Crawl Stone Soup version 0.24.0-123-gd5b16e6ec5 (webtiles) character file.

Game seed: 9934089520368871542, levelgen mode: deterministic

1890 Emblim88 the Spear-Bearer (level 9, -10/71 HPs)
             Began as a Merfolk Abyssal Knight on Jan 5, 2020.
             Was an Elder of Lugonu.
             Splashed by an orc warrior's acid (12 damage)
             ... on level 7 of the Dungeon.
             The game lasted 00:21:57 (9128 turns).

Emblim88 the Spear-Bearer (Merfolk Abyssal Knight)  Turns: 9128, Time: 00:21:57

Health: -10/71     AC:  0    Str: 13 (16) XL:     9   Next: 15%
Magic:  13/13      EV: 17    Int: 11      God:    Lugonu [****..]
Gold:   330        SH:  0    Dex: 13      Spells: 8/8 levels left

rFire    . . .     SeeInvis .   s - +2 trident (curse)
rCold    + . .     Gourm    .   (no shield)
rNeg     . . .     Faith    .   E - +3 leather armour {rC+}
rPois    .         Spirit   .   (no helmet)
rElec    .         Reflect  .   g - +0 cloak
rCorr    .         Harm     .   (no gloves)
MR       +....                  (no boots)
Stlth    +.........             (no amulet)
HPRegen  0.21/turn              d - +2 ring of evasion
MPRegen  0.13/turn              q - ring of protection from magic

@: corroded, lightly drained
A: change form in water, swift swim, stealthy swim
a: Depart the Abyss, Bend Space, Banish, Corrupt, Renounce Religion


You were on level 7 of the Dungeon.
You worshipped Lugonu.
Lugonu was greatly pleased with you.
You were not hungry.

You visited 1 branch of the dungeon, and saw 7 of its levels.
You visited the Abyss 1 time.
You also visited: Ossuary.

You collected 330 gold pieces.

Inventory:

Hand Weapons
 f - a +2 vampiric falchion
 s - a cursed +2 trident (weapon)
 x - a +2 hand axe of flaming
Missiles
 a - 21 poisoned darts
 i - 16 boomerangs (quivered)
Armour
 g - a +0 cloak (worn)
 E - a +3 leather armour of cold resistance (worn)
Jewellery
 d - a +2 ring of evasion (left hand)
 q - a ring of protection from magic (right hand)
 D - an uncursed ring of protection from fire
Scrolls
 e - a scroll of fog
 h - 2 scrolls of teleportation
 j - a scroll of immolation
 k - a scroll of identify
 l - 3 scrolls of remove curse
 o - 2 scrolls of enchant weapon
 y - 3 scrolls of amnesia {unknown}
 F - a scroll of enchant armour
 G - a scroll of noise
 H - a scroll of magic mapping
 I - 3 scrolls of fear
Potions
 b - a potion of ambrosia
 m - a potion of flight
 A - a potion of mutation
Comestibles
 c - 12 rations
 n - 2 chunks of flesh


   Skills:
 + Level 6.5 Fighting
 + Level 8.0 Polearms
 + Level 3.8 Armour
 + Level 7.2 Dodging
 + Level 5.9(5.8) Invocations


You had 8 spell levels left.
You didn't know any spells.
Your spell library was empty.

Dungeon Overview and Level Annotations

Branches:
Dungeon (7/15)             Temple (0/1) D:7         Ossuary (visited)

Altars:
Dithmenos
Hepliaklqana
Kikubaaqudgha
Makhleb
Qazlal
Ru
Trog
Uskayaw
Xom
Zin
The Shining One

Shops:
D:5 *   D:6 (

Annotations:
D:6 Prince Ribbit


Message History

The orc wizard drinks a potion.
The orc wizard seems to speed up.
The orc warrior completely misses you.
You hit the orc warrior but do no damage.
The orc warrior is heavily wounded.
You hit the orc warrior.
The orc warrior is heavily wounded.
The orc warrior zaps a wand.
The bolt of acid misses you.
You barely miss the orc warrior.
The orc warrior is heavily wounded.
The orc warrior zaps a wand.
The bolt of acid misses you.
You hit the orc warrior but do no damage.
The orc warrior is heavily wounded.
The orc warrior hits you with a +0 dire flail!
* * * LOW HITPOINT WARNING * * *
You hit the orc warrior but do no damage.
The orc warrior is heavily wounded.
The orc warrior zaps a wand.
The bolt of acid hits you!
* * * LOW HITPOINT WARNING * * *
The acid corrodes you!
You are splashed with acid!
You die...

.............
.............
.............
.#######.....
#####8...8#####.
###...#.....#...#.
#...⌠....>....⌠...
#.#...#.....#...##
#@#####8...8#####
#o# #######
#o##### #o....#
#.....# #.....#
#.....# #.....#
#.....#


You could see an orc warrior, an orc wizard and an orc.

Vanquished Creatures
  A troll (D:6)
  An orc warrior (D:7)
  An ice beast (D:5)
  2 ogres
  2 centaurs (D:6)
  2 elf zombies (Ossuary)
  A bullfrog (D:7)
  5 wights (D:6)
  A howler monkey (D:6)
  A crimson imp (D:5)
  A centaur zombie (D:5)
  A jelly (D:6)
  A human zombie (Ossuary)
  An orc priest (D:4)
  A bullfrog skeleton (D:4)
  4 worker ants
  3 orc wizards
  3 big kobold zombies (Ossuary)
  A hound zombie (Ossuary)
  3 mummies (Ossuary)
  6 adders
  A shadow imp (D:6)
  An ooze (D:1)
  5 adder zombies (Ossuary)
  An adder skeleton (D:6)
  A worm (D:2)
  8 dart slugs
  4 leopard geckos
  19 orcs
  7 bats
  2 gnoll zombies (Ossuary)
  10 goblins
  8 hobgoblins
  13 jackals
  5 kobolds
  4 quokkas
  3 ball pythons
  7 frilled lizards
  3 goblin zombies (Ossuary)
  A hobgoblin zombie (Ossuary)
  3 jackal zombies (Ossuary)
  3 kobold zombies (Ossuary)
  An orc zombie (Ossuary)
  5 quokka zombies (Ossuary)
  8 rats
  3 rat zombies (Ossuary)
168 creatures vanquished.

Vanquished Creatures (others)
  6 starspawn tentacles (Abyss:1)
6 creatures vanquished.

Grand Total: 174 creatures vanquished

Notes
Turn   | Place    | Note
-------+----------+-------------------------------------------
     0 | Abyss:1  | Emblim88 the Merfolk Abyssal Knight began the quest for the
                  | Orb.
     0 | Abyss:1  | Reached XP level 1. HP: 18/18 MP: 2/2
     0 | Abyss:1  | Found a corrupted altar of Lugonu.
    35 | Abyss:1  | Noticed a tentacled starspawn
    54 | Abyss:1  | Noticed a large abomination
   110 | D:1      | Escaped the Abyss
   173 | D:1      | Reached XP level 2. HP: 16/24 MP: 3/3
   349 | D:1      | Reached skill level 1 in Armour
   366 | D:1      | Reached * piety under Lugonu
   552 | D:1      | Reached XP level 3. HP: 29/29 MP: 4/4
  1686 | D:2      | Reached XP level 4. HP: 32/37 MP: 5/5
  1845 | D:2      | Reached ** piety under Lugonu
  1853 | D:2      | Reached skill level 4 in Polearms
  2433 | D:2      | Found a hide-covered altar of Uskayaw.
  2919 | D:3      | Found a glowing golden altar of the Shining One.
  3000 | D:3      | Reached XP level 5. HP: 21/42 MP: 7/7
  3482 | D:3      | Found a shimmering altar of Xom.
  3898 | D:4      | Reached *** piety under Lugonu
  3921 | D:4      | Reached XP level 6. HP: 43/48 MP: 8/8
  4046 | D:4      | Reached skill level 5 in Polearms
  4397 | D:4      | Found a sand-covered staircase.
  4415 | Ossuary  | Entered an ossuary
  4505 | Ossuary  | Reached XP level 7. HP: 46/55 MP: 9/9
  4600 | Ossuary  | Reached skill level 5 in Dodging
  4683 | Ossuary  | Reached **** piety under Lugonu
  4706 | Ossuary  | Reached skill level 5 in Fighting
  4994 | Ossuary  | Reached skill level 6 in Polearms
  5875 | D:5      | Entered Level 5 of the Dungeon
  6034 | D:5      | Reached XP level 8. HP: 36/62 MP: 11/11
  6072 | D:5      | Found Qivurucs's General Store.
  6168 | D:5      | Found a hazy altar of Hepliaklqana.
  6286 | D:5      | Found a burning altar of Makhleb.
  6286 | D:5      | Found a stormy altar of Qazlal.
  6288 | D:5      | Found an ancient bone altar of Kikubaaqudgha.
  6288 | D:5      | Found a glowing silver altar of Zin.
  6290 | D:5      | Found a shadowy altar of Dithmenos.
  6290 | D:5      | Found a bloodstained altar of Trog.
  6292 | D:5      | Found a sacrificial altar of Ru.
  6906 | D:6      | Noticed Prince Ribbit
  7183 | D:6      | Noticed a troll
  7186 | D:6      | Gained mutation: You are frail. (-10% HP) [potion of
                  | mutation]
  7186 | D:6      | Lost mutation: You are frail. (-10% HP) [potion of
                  | mutation]
  7191 | D:6      | Killed a troll
  7191 | D:6      | Reached skill level 7 in Polearms
  7191 | D:6      | Reached skill level 5 in Invocations
  7950 | D:6      | Found Wuunem's Weapon Emporium.
  8095 | D:6      | Reached XP level 9. HP: 33/71 MP: 13/13
  8676 | D:7      | Reached skill level 8 in Polearms
  9096 | D:7      | Found a staircase to the Ecumenical Temple.
  9128 | D:7      | HP: 2/71 [orc warrior/bolt of acid (16)]
  9128 | D:7      | Splashed by an orc warrior's acid

Levels and vault maps discovered:
D:1:      dpeg_chamrin_arrival_tetris, layout_basic, minmay_misc_feat_x,
          chequers_big_river, hangedman_decor_points, minivault_4,
          minmay_misc_feat_ornament, minmay_pentomino_s2
D:2:      layout_basic, lemuel_crystal_altar, serial_corexii_hall,
          corexii_hall_statues_x, corexii_hall_statues_i,
          corexii_hall_statues_s, chequers_hall_statues_wall_a,
          corexii_hall_statues_l, chequers_hall_statues_corner_a, minivault_19,
          st_stairs_12, grunt_ministairs_2, kennysheep_potato
D:3:      layout_basic, overflow_temple_1_default, tso_oasis_becter
D:4:      layout_loops_corners, lightli_ossuary_entry_decrepit_ruins,
          minmay_fractal_squares_diagonal_5
D:5:      layout_basic, grunt_temple_overflow_open, lemuel_round_altar,
          serial_shops, nicolae_shop_stone, first_ration
D:6:      layout_loops_ring, serial_shops, kennysheep_mini, uniq_prince_ribbit1
D:7:      layout_basic, minmay_temple_entry_antechambers, serial_shops, shop,
          grunt_ogre_cave

Skill      XL: |  1  2  3  4  5  6  7  8  9 |
---------------+----------------------------+-----
Dodging        | 3 4 5 7 |  7.2
Armour         | 1 2 3 |  3.8
Polearms       | 4 5 6 7 8 |  8.0
Fighting       | 4 5 6 |  6.5
Invocations    | 3 4 5 |  5.9

Action                   |  1- 3 |  4- 6 |  7- 9 || total
-------------------------+-------+-------+-------++-------
Melee: Spear             |   112 |     2 |       ||   114
       Trident           |       |   320 |   346 ||   666
       Tailslap          |       |     1 |       ||     1
       Hand axe          |       |       |    91 ||    91
Throw: Boomerang         |       |     3 |     5 ||     8
Invok: Depart the Abyss  |     1 |       |       ||     1
  Use: Scroll            |       |     4 |     7 ||    11
       Potion            |       |       |    14 ||    14
  Eat: Chunk             |     2 |     5 |     7 ||    14
       Ration            |       |     1 |     3 ||     4
Armor: Leather armour    |     7 |       |    26 ||    33
       Scale mail        |    20 |     2 |       ||    22
       Chain mail        |       |   128 |   112 ||   240
       Skin              |       |       |     2 ||     2
Dodge: Dodged            |    40 |   112 |   302 ||   454
